 Dungeon Crawl Stone Soup version 0.22-a0-469-gf26638a71f (webtiles) character file.

55 Oravi the Conjurer (level 3, 0/39 HPs)
             Began as a Draconian Conjurer on June 12, 2018.
             Succumbed to an adder's poison
             ... on level 1 of the Dungeon.
             The game lasted 00:06:07 (1489 turns).

Oravi the Conjurer (Draconian Conjurer)             Turns: 1489, Time: 00:06:08

Health: 0/39       AC:  5    Str: 15    XL:     3   Next: 67%
Magic:  5/7        EV: 12    Int: 16    God:
Gold:   90         SH:  0    Dex: 11    Spells: 2/8 levels left

rFire    . . .     SeeInvis .   l - +0 whip
rCold    . . .     Gourm    .   (no shield)
rNeg     . . .     Faith    .   (armour unavailable)
rPois    .         Spirit   .   (helmet restricted)
rElec    .         Reflect  .   (no cloak)
rCorr    .         Harm     .   (no gloves)
MR       .....                  (no boots)
Stlth    ..........             (no amulet)
HPRegen  0.13/turn              (no ring)
MPRegen  0.10/turn              (no ring)

@: berserking (expiring), lethally poisoned (0 -> -8), very quick
A: unfitting armour, cold-blooded, AC +5
a: no special abilities


You were on level 1 of the Dungeon.
You were not hungry.

You visited 1 branch of the dungeon, and saw 2 of its levels.

You collected 90 gold pieces.

Inventory:

Hand Weapons
 l - a +0 whip (weapon)
Missiles
 i - 36 stones (quivered)
 j - 10 poisoned needles
Jewellery
 m - an uncursed amulet of regeneration {unknown}
Scrolls
 a - a scroll of amnesia {unknown}
 d - 3 scrolls of remove curse
 g - 2 scrolls of magic mapping {unknown}
Potions
 c - a potion of brilliance
 e - a potion of magic
 k - a potion of haste {unknown}
Comestibles
 b - 2 rations
 f - a chunk of flesh


   Skills:
 - Level 1.7 Dodging
 - Level 1.7 Stealth
 + Level 3.0 Spellcasting
 + Level 4.7 Conjurations


You had 2 spell levels left.
You knew the following spells:

 Your Spells              Type           Power        Failure   Level  Hunger
a - Magic Dart            Conj           ###.         2%          1    #......
b - Searing Ray           Conj           ###...       4%          2    ##.....
c - Dazzling Spray        Conj/Hex       ##....       22%         3    ###....

Your spell library contained the following spells:

 Spells                   Type           Power        Failure   Level  Hunger
 Iskenderun's Mystic Bla  Conj           ###.....     26%         4    #####..
 Fulminant Prism          Conj/Hex       ##........   56%         4    #####..
 Force Lance              Conj/Tloc      ##......     56%         4    #####..


Dungeon Overview and Level Annotations

Branches:
Dungeon (2/15)

Altars:

Annotations:
D:2 Sigmund


Innate Abilities, Weirdness & Mutations

Your plain brown scales are hard. (AC +5)
You cannot fit into any form of body armour.
You are cold-blooded and may be slowed by cold attacks.


Message History

* * * LOW HITPOINT WARNING * * *
You are more poisoned.
The adder poisons you!
You whack the adder!
You kill the adder!
Your Spellcasting skill increases to level 3!
* * * LOW HITPOINT WARNING * * *
You feel sick.
You are too berserk!
You are too berserk!
* * * LOW HITPOINT WARNING * * *
You feel sick.
You see here an adder corpse.
You butcher the adder corpse.
You feel a strong urge to attack something.
You see here a chunk of flesh.
There isn't anything to butcher here.
Okay, then.
f - a chunk of flesh You die...

##.##.## #.##........#######
#.####.## #.##...............
##.####.##
#.##..........)...#
##.####.##
#.##..............#
##(####.###.#####...........#
##.####.##.# #.....[.....#
##.##.###.# #............
##.##.## #.#####....(.......
##.##.## #>@................
##.##.## #######............
#.####.## #............
##.####.## #............
##.####.# #............
##.##.## #######.####.
##.##.## #.# #. #.####.#
#.##### ##<# ### #......


There were no monsters in sight!

Vanquished Creatures
  An adder (D:1)
  2 worms (D:2)
  A leopard gecko (D:1)
  5 bats
  3 giant cockroaches (D:1)
  6 goblins (D:1)
  4 hobgoblins (D:1)
  4 jackals (D:1)
  A frilled lizard (D:1)
  5 kobolds
  A rat (D:1)
33 creatures vanquished.

Notes
Turn   | Place    | Note
-------+----------+-------------------------------------------
     0 | D:1      | Oravi the Draconian Conjurer began the quest for the Orb.
     0 | D:1      | Reached XP level 1. HP: 14/14 MP: 3/3
   244 | D:1      | Reached XP level 2. HP: 20/20 MP: 1/5
   733 | D:1      | Reached XP level 3. HP: 26/26 MP: 0/7
   737 | D:1      | Learned a level 2 spell: Searing Ray
   741 | D:1      | Learned a level 3 spell: Dazzling Spray
  1454 | D:2      | Noticed Sigmund
  1487 | D:1      | HP: 1/39 [poisoned by an adder]
  1489 | D:1      | Succumbed to an adder's poison

Vault maps used:
D:1:      nagdon_arrival_zigzag_paths
D:2:      uniq_sigmund

Skill      XL: |  1  2  3 |
---------------+----------+-----
Spellcasting   | 3 |  3.0
Dodging        | |  1.7
Stealth        | |  1.7
Conjurations   | |  4.7

Action                   || total
-------------------------++-------
Melee: Unarmed           ||    44
       Tailslap          ||    10
       Whip              ||     7
Throw: Stone             ||     5
 Cast: Magic Dart        ||    63
  Use: Scroll            ||     6
       Potion            ||     1
  Eat: Chunk             ||     2
Armor: Skin              ||    24
Dodge: Dodged            ||    38

Table legend:
 A = Spawn XP
 B = Non-spawn XP
 C = Spawn XP percentage of total XP
 D = Spawn monster count
 E = Non-spawn monster count
 F = Spawn count percentage of total count
 G = Total turns spent on level
                    A         B        C        D         E        F      G
               +---------+---------+-------+---------+---------+-------+---------
         Total |       0 |      79 |   0.0 |       0 |      33 |   0.0 |  1489
               +---------+---------+-------+---------+---------+-------+---------
           D:1 |       0 |      64 |   0.0 |       0 |      28 |   0.0 |  1134
           D:2 |       0 |      15 |   0.0 |       0 |       5 |   0.0 |   355
               +---------+---------+-------+---------+---------+-------+---------
